 Dungeon Crawl Stone Soup version 0.24-a0-417-g1cce26a4d2 (console) character file.

Game seed: 1481006869797739822

155816 ssgaztpd the Warrior (level 17, -8/191 HPs)
             Began as a Troll Berserker on June 4, 2019.
             Was an Elder of Trog.
             Killed by drain life
             ... invoked by a soul eater
             ... summoned by the scythe of Curses
              (9 damage)
             ... on level 3 of the Elven Halls on June 11, 2019.
             The game lasted 02:36:15 (27622 turns).

ssgaztpd the Warrior (Troll Berserker)             Turns: 27622, Time: 02:36:17

Health: -8/191     AC: 14    Str: 30    XL:     17   Next: 9%
Magic:  19/19      EV: 14    Int:  3    God:    Trog [****..]
Gold:   1970       SH:  0    Dex: 18    Spells: 16/16 levels left

rFire    + . .     SeeInvis .     - Unarmed
rCold    + . .     Gourm    +   (no shield)
rNeg     . . .     Faith    +   r - +4 gold dragon scales
rPois    +         Spirit   .   i - +2 hat
rElec    .         Reflect  .   M - +1 cloak
rCorr    .         Harm     .   (gloves unavailable)
MR       +....                  (boots unavailable)
Stlth    ..........             P - amulet of faith
HPRegen  0.81/turn              U - +5 ring of evasion
MPRegen  0.16/turn              D - +5 ring of dexterity

@: lethally poisoned (-8 -> -11), corroded, slowed, studying Stealth, heavily
drained, very slow
A: large, unfitting armour, claws 3, fast metabolism 3, gourmand, regeneration
1, shaggy fur 1, tough skin 3
a: Berserk, Trog's Hand, Brothers in Arms, Renounce Religion


You were on level 3 of the Elven Halls.
You worshipped Trog.
Trog was greatly pleased with you.
You were very full.

You visited 7 branches of the dungeon, and saw 25 of its levels.
You visited the Abyss 1 time.
You also visited: Gauntlet.

You collected 2395 gold pieces.
You spent 425 gold pieces at shops.

Inventory:

Hand Weapons
 f - a +3 short sword of protection
Missiles
 B - 17 large rocks (quivered)
Armour
 a - a +0 animal skin
 e - a +0 robe
 i - a +2 hat (worn)
 r - +4 gold dragon scales (worn)
 M - a +1 cloak (worn)
 S - +0 fire dragon scales
 T - a +0 troll leather armour
Jewellery
 d - a +2 ring of evasion
 n - an uncursed ring of see invisible
 o - an uncursed ring of ice
 t - an uncursed ring of resist corrosion
 z - the macabre finger necklace {rN+}
   (You took it off a deep elf sorcerer on level 3 of the Elven Halls)

   [amulet of nothing]

   It protects you from negative energy.
 C - an uncursed amulet of guardian spirit
 D - a +5 ring of dexterity (right claw)
 G - an uncursed ring of magical power
 P - an amulet of faith (around neck)
 U - a +5 ring of evasion (left claw)
 V - an uncursed ring of protection from fire
Wands
 c - a wand of polymorph (10)
 x - a wand of disintegration (24)
 y - a wand of enslavement (6)
 I - a wand of flame (6)
 L - a wand of digging (13)
Scrolls
 j - 3 scrolls of enchant weapon
 k - 2 scrolls of fog
 p - a scroll of vulnerability {unknown}
 q - 9 scrolls of remove curse
 A - 4 scrolls of fear
 H - 2 scrolls of magic mapping
 J - a scroll of blinking
 O - a scroll of acquirement
 Q - 5 scrolls of identify
 W - a scroll of torment {unknown}
Potions
 g - 2 potions of berserk rage
 h - 3 potions of curing
 l - 9 potions of mutation
 m - a potion of degeneration
 s - 2 potions of ambrosia
 u - a potion of flight
 w - a potion of invisibility
 E - 4 potions of agility
 F - 2 potions of magic
 N - 3 potions of lignification
Books
 v - a manual of Stealth
Miscellaneous
 R - a phantom mirror
Comestibles
 b - 37 rations


   Skills:
 * Level 17.1(15.3) Fighting
 - Level 5.0(3.6) Armour
 + Level 13.0(11.3) Dodging
 - Level 0.9(0.0) Stealth
 + Level 15.2(13.4) Unarmed Combat
 - Level 5.0(3.7) Evocations


You had 16 spell levels left.
You didn't know any spells.
Your spell library contained the following spells:

 Spells                   Type           Power        Failure   Level  Hunger
 Flame Tongue             Conj/Fire      #....        100%        1    ##.....
 Shock                    Conj/Air       #...         100%        1    ##.....
 Bolt of Draining         Conj/Necr      #.........   100%        5    ######.
 Silence                  Hex/Air        #.........   100%        5    ######.
 Bolt of Cold             Conj/Ice       #.........   100%        6    #######


Dungeon Overview and Level Annotations

Branches:
Dungeon (11/15)            Temple (0/1) D:5            Lair (6/6) D:9
  Swamp (1/4) Lair:3       Spider (1/4) Lair:4        Slime (1/5) Lair:6
    Orc (2/2) D:9             Elf (3/3) Orc:2

Altars:
Cheibriados
Dithmenos
Elyvilon
Fedhas
Hepliaklqana
Nemelex Xobeh
Okawaru
Qazlal
Ru
Sif Muna
Trog
Uskayaw
Wu Jian
Xom
Zin
Beogh

Shops:
D:6 *   D:9 *   Orc:1 :   Orc:2 [*=[[   Elf:1 [

Annotations:
Spider:1 Azrael


Innate Abilities, Weirdness & Mutations

You are too large for most types of armour.
You have claws for hands.
Your metabolism is lightning-fast.
You like to eat raw meat.
Your natural rate of healing is unusually fast.
You are covered in fur. (AC +1)
You have extremely tough skin. (AC +3)


Message History

The bolt of lightning misses you. The Brimstone Fiend closely misses you.
The Brimstone Fiend hits you but does no damage.
The Brimstone Fiend hits you.
* * * LOW HITPOINT WARNING * * *
The soul eater hits you!
* * * LOW HITPOINT WARNING * * *
You feel drained.
* * * LOW HITPOINT WARNING * * *
The rust devil hits you. The rust devil corrodes you!
You scratch the rust devil but do no damage.
The rust devil is severely wounded.
You feel sick.
The deep elf demonologist mumbles some strange words.
The deep elf annihilator casts a spell.
The deep elf annihilator blinks!
The Brimstone Fiend hits you!
* * * LOW HITPOINT WARNING * * *
The Brimstone Fiend hits you but does no damage.
The Brimstone Fiend closely misses you.
The soul eater draws from the surrounding life force!
You die...

................................#
................................#
##############################..#
.............................#..#
.............................#..#
.............................#..#
............(................'..#
.............................#..#
.............................#...
...............3.............#...
................@14......(...#...
.................44..........#..#
###############...e....'........#
................................#
..............§..e..............#
................................#
###...#####..#'#########..##§...#
..#...#...#..#.........#..#..'..#
..#...#...'..#.........#..#..§..#
..#...#...#..#.........#..#...(.#
..#...#...#..#...(.....#..#..#...


You could see a Brimstone Fiend, a deep elf annihilator, a soul eater, a deep
elf demonologist, an orange demon, a rust devil and a red devil.

Vanquished Creatures
  Mara (Elf:3)
  Rupert (Lair:6)
  Jorgrun (Orc:2)
  3 deep elf blademasters
  Donald (Orc:2)
  3 deep elf sorcerers
  6 deep elf elementalists
  2 entropy weavers (Lair:6)
  5 deep elf demonologists
  3 deep elf annihilators (Elf:3)
  3 deep elf death magi
  2 deep elf high priests (Elf:3)
  5 hydras
  9 two-headed ogres
  An alligator (Lair:3)
  24 dancing weapons
  2 ogre magi
  9 death yaks
  A queen ant (Lair:6)
  17 deep elf knights
  A small abomination (Elf:1)
  2 orc high priests
  12 deep elf archers
  2 deep trolls (Orc:1)
  Pikel (D:4)
  2 orc sorcerers (Orc:1)
  3 cyclopes (Orc:2)
  An ugly thing (D:10)
  46 deep elf magi
  8 elephants
  An elephant (shapeshifter) (Orc:2)
  A gargoyle (D:11)
  3 black mambas
  11 spiny frogs
  3 rime drakes
  5 komodo dragons
  A demonic crawler (Lair:4)
  12 trolls
  6 polar bears (Lair:6)
  A troll (shapeshifter) (Orc:2)
  Prince Ribbit (D:5)
  17 blink frogs
  5 hornets (Lair:6)
  11 hippogriffs
  8 dream sheep (Lair:6)
  Sigmund (D:5)
  13 spriggans (Lair:6)
  An air elemental (Elf:1)
  23 yaks
  4 water elementals
  A wyvern (D:10)
  A vampire (D:10)
  A fire bat (shapeshifter) (Orc:2)
  A basilisk (Lair:2)
  A fire elemental (Elf:2)
  A hungry ghost (D:11)
  3 wargs
  7 soldier ants (Lair:6)
  8 water moccasins
  7 porcupines
  An eye of draining (D:11)
  4 ice beasts
  2 black bears (Lair:6)
  20 orc warriors
  4 sky beasts
  27 ogres
  A phantom (D:7)
  4 boggarts (Lair:6)
  19 wolves
  5 centaurs
  6 crocodiles
  A big kobold (D:11)
  20 bullfrogs
  A gnoll sergeant (D:10)
  An earth elemental (Elf:2)
  A water moccasin skeleton (D:10)
  5 scorpions
  4 howler monkeys
  A bullfrog zombie (D:11)
  5 crimson imps
  A bullfrog skeleton (D:5)
  A hound (D:10)
  7 jellies
  9 orc wizards
  A gnoll shaman (D:10)
  14 orc priests
  2 centaur skeletons
  Ijyb (D:4)
  Natasha (thrice) (D:4)
  3 iguanas
  28 worker ants
  A hound zombie (D:7)
  A hound skeleton (D:9)
  A worker ant zombie (D:5)
  Robin (D:4)
  15 gnolls
  12 adders
  3 adder zombies
  An adder skeleton (D:4)
  4 worms
  3 dart slugs
  7 leopard geckos
  105 orcs
  9 giant cockroaches
  15 goblins
  11 hobgoblins
  18 jackals
  A quokka (D:2)
  3 ball pythons
  12 bats
  4 frilled lizards
  2 jackal skeletons (D:4)
  8 kobolds
  6 rats
  2 fungi
783 creatures vanquished.

Vanquished Creatures (collateral kills)
  2 hydras
  A deep elf mage (Elf:2)
  A komodo dragon (Lair:5)
  4 blink frogs (Lair:3)
  4 yaks (Lair:5)
  A basilisk (Lair:3)
  A porcupine (Lair:3)
14 creatures vanquished.

Vanquished Creatures (others)
  2 deep elf magi (Elf:1)
  Grinder (D:4)
  A slave (D:4)
  A giant cockroach (D:4)
  3 jackals (D:4)
  A quokka (D:4)
  35 fungi
  13 plants
57 creatures vanquished.

Grand Total: 854 creatures vanquished

Notes
Turn   | Place    | Note
-------+----------+-------------------------------------------
     0 | D:1      | ssgaztpd the Troll Berserker began the quest for the Orb.
     0 | D:1      | Reached XP level 1. HP: 22/22 MP: 0/0
   211 | D:1      | Reached XP level 2. HP: 29/29 MP: 1/1
   561 | D:1      | Reached XP level 3. HP: 36/36 MP: 2/2
   864 | D:2      | Found a hide-covered altar of Uskayaw.
   866 | D:2      | Noticed a +0 dagger
   867 | D:2      | Noticed a +0 dagger
   953 | D:2      | Reached ** piety under Trog
  1048 | D:2      | Found a sparkling altar of Nemelex Xobeh.
  1145 | D:2      | Found a shadowy altar of Dithmenos.
  1345 | D:2      | Reached XP level 4. HP: 44/44 MP: 3/3
  1533 | D:3      | Noticed an orc warrior
  1535 | D:3      | Found an iron altar of Okawaru.
  1550 | D:3      | Killed an orc warrior
  1550 | D:3      | Reached XP level 5. HP: 41/52 MP: 4/4
  1776 | D:3      | Found a hazy altar of Hepliaklqana.
  1904 | D:3      | Found a snail-covered altar of Cheibriados.
  1910 | D:3      | Reached skill level 3 in Fighting
  2373 | D:4      | Noticed Robin
  2389 | D:4      | Killed Robin
  2457 | D:4      | Reached *** piety under Trog
  2487 | D:4      | Noticed Natasha
  2492 | D:4      | Reached skill level 5 in Unarmed Combat
  2492 | D:4      | Reached XP level 6. HP: 61/61 MP: 5/5
  2494 | D:4      | Killed Natasha
  2502 | D:4      | Noticed Pikel
  2502 | D:4      | Noticed a slave
  2502 | D:4      | Noticed a slave
  2502 | D:4      | Noticed a slave
  2502 | D:4      | Noticed a slave
  2529 | D:4      | Killed Pikel
  2529 | D:4      | Reached skill level 4 in Fighting
  2529 | D:4      | Reached XP level 7. HP: 49/71 MP: 6/6
  2572 | D:4      | Noticed Natasha
  2574 | D:4      | Noticed Ijyb
  2577 | D:4      | Killed Natasha
  2633 | D:4      | Found a bloodstained altar of Trog.
  2660 | D:4      | Killed Ijyb
  2665 | D:4      | Noticed Natasha
  2669 | D:4      | Killed Natasha
  2671 | D:4      | Killed Grinder
  2883 | D:4      | Found a deep blue altar of Sif Muna.
  3009 | D:4      | Reached skill level 5 in Fighting
  3054 | D:4      | Reached XP level 8. HP: 53/80 MP: 7/7
  3239 | D:5      | Entered Level 5 of the Dungeon
  3392 | D:5      | Noticed Sigmund
  3406 | D:5      | Killed Sigmund
  3460 | D:5      | Found a blossoming altar of Fedhas.
  3460 | D:5      | Found a stormy altar of Qazlal.
  3474 | D:5      | Reached skill level 5 in Dodging
  3506 | D:5      | Found a staircase to the Ecumenical Temple.
  3513 | D:5      | Upgraded the game from 0.24-a0-388-gb57f36d6e0 to
                  | 0.24-a0-415-g6d73c25c48
  3712 | D:5      | Noticed Prince Ribbit
  3716 | D:5      | Reached skill level 6 in Fighting
  3729 | D:5      | Killed Prince Ribbit
  3774 | D:5      | Reached **** piety under Trog
  4032 | D:6      | Found Gyotury's Assorted Antiques.
  4217 | D:6      | Reached XP level 9. HP: 61/92 MP: 8/8
  4344 | D:6      | Reached skill level 7 in Fighting
  4479 | D:6      | Found a sacrificial altar of Ru.
  4925 | D:7      | Found an ornate altar of the Wu Jian Council.
  5931 | D:7      | Reached skill level 8 in Fighting
  6131 | D:8      | Noticed a two-headed ogre
  6132 | D:8      | Found a roughly hewn altar of Beogh.
  6138 | D:8      | Killed a two-headed ogre
  6138 | D:8      | Reached XP level 10. HP: 67/106 MP: 9/9
  6157 | D:8      | Reached ***** piety under Trog
  6738 | D:9      | Noticed a death yak
  6739 | D:9      | Found a staircase to the Lair.
  6753 | D:8      | Killed a death yak
  6753 | D:8      | Reached skill level 9 in Fighting
  6806 | D:9      | Noticed a death yak
  6806 | D:9      | Noticed a death yak
  6853 | D:9      | Found a staircase to the Orcish Mines.
  7041 | D:8      | Killed a death yak
  7321 | D:10     | Entered Level 10 of the Dungeon
  7656 | D:10     | Noticed a cyan ugly thing
  7665 | D:10     | Killed a cyan ugly thing
  7665 | D:10     | Reached skill level 10 in Fighting
  7708 | D:10     | Found a white marble altar of Elyvilon.
  7733 | D:10     | Reached XP level 11. HP: 115/117 MP: 10/10
  7969 | D:10     | Received a gift from Trog
  8266 | D:9      | Found Tourphuo's General Store.
  8324 | D:9      | Killed a death yak
  8425 | D:9      | Found a glowing silver altar of Zin.
  8429 | D:9      | Noticed an angel
  8431 | D:9      | Found a shimmering altar of Xom.
  8837 | D:9      | Bought a wand of digging (7) for 264 gold pieces
  9696 | D:11     | Reached skill level 1 in Evocations
  9791 | Lair:1   | Entered Level 1 of the Lair of Beasts
  9983 | Lair:1   | Reached skill level 10 in Unarmed Combat
 10177 | Lair:1   | Noticed a four-headed hydra
 10194 | Lair:1   | Killed an eight-headed hydra
 10298 | Lair:1   | Reached skill level 11 in Fighting
 10447 | Lair:1   | Noticed a five-headed hydra
 10458 | Lair:1   | Killed a ten-headed hydra
 11081 | Lair:2   | Found a gate leading to a gauntlet.
 11128 | Gauntlet | Entered a Gauntlet
 11128 | Gauntlet | Found a transporter.
 11128 | Gauntlet | Found a transporter.
 11128 | Gauntlet | Found a transporter.
 11128 | Gauntlet | Found a transporter.
 11154 | Gauntlet | Found a transporter.
 11155 | Gauntlet | Found a transporter.
 11370 | Lair:2   | Received a gift from Trog
 11370 | Lair:2   | Reached XP level 12. HP: 109/130 MP: 13/13
 12532 | Lair:3   | You fall into a shaft and drop 2 floors!
 12694 | Lair:3   | Found a staircase to the Swamp.
 13204 | Lair:4   | Reached skill level 1 in Armour
 13273 | Lair:4   | Reached skill level 12 in Fighting
 13430 | Lair:4   | Found a hole to the Spider Nest.
 13688 | Lair:4   | Noticed a seven-headed hydra
 13692 | Lair:4   | Killed an eight-headed hydra
 13902 | Lair:5   | Noticed an eight-headed hydra
 13915 | Lair:5   | Killed an 11-headed hydra
 14510 | Lair:5   | Noticed an eight-headed hydra
 14544 | Lair:6   | Entered Level 6 of the Lair of Beasts
 14544 | Lair:6   | Noticed a death yak
 14544 | Lair:6   | Noticed a death yak
 14544 | Lair:6   | Noticed a death yak
 14544 | Lair:6   | Noticed a death yak
 14550 | Lair:6   | Noticed a death yak
 14675 | Lair:5   | Received a gift from Trog
 15015 | Lair:5   | Killed a 14-headed hydra
 15108 | Lair:5   | Reached XP level 13. HP: 140/140 MP: 15/15
 15778 | Lair:6   | Found a staircase to the Slime Pits.
 16039 | Lair:6   | Noticed an entropy weaver
 16053 | Lair:6   | Killed an entropy weaver
 16053 | Lair:6   | Reached skill level 5 in Evocations
 16194 | Lair:6   | Noticed an entropy weaver
 16347 | Lair:6   | Reached skill level 13 in Fighting
 16353 | Lair:6   | Reached skill level 10 in Dodging
 16573 | Lair:6   | Noticed Rupert
 16719 | Lair:6   | Killed an entropy weaver
 17078 | Lair:6   | Paralysed by Rupert for 2 turns
 17100 | Lair:6   | Killed Rupert
 17100 | Lair:6   | Reached XP level 14. HP: 153/153 MP: 16/16
 17465 | Lair:6   | Reached skill level 5 in Armour
 17495 | Lair:6   | Received a gift from Trog
 17606 | Lair:6   | Identified the Grimoire of Enchanting Battle Magic
 18151 | Slime:1  | Entered Level 1 of the Pits of Slime
 18151 | Slime:1  | Noticed an acid blob
 18212 | Spider:1 | Entered Level 1 of the Spider Nest
 18213 | Spider:1 | Noticed Azrael
 18276 | Swamp:1  | Entered Level 1 of the Swamp
 18457 | Orc:1    | Entered Level 1 of the Orcish Mines
 18646 | Orc:2    | Entered Level 2 of the Orcish Mines
 18647 | Orc:2    | Found Wutaplem's Jewellery Boutique.
 18648 | Orc:2    | Found Kaurr's Armour Boutique.
 18840 | Orc:2    | Reached skill level 14 in Fighting
 19137 | Orc:2    | Received a gift from Trog
 19386 | Orc:2    | Found Noege's Armour Shoppe.
 19405 | Orc:2    | Found Kiqung's Assorted Antiques.
 19590 | Orc:2    | Found a staircase to the Elven Halls.
 19605 | Orc:2    | Found Eriojuosh's Antique Armour Shoppe.
 20046 | Orc:1    | Found Elotircha's Book Shop.
 20530 | Elf:1    | Entered Level 1 of the Elven Halls
 20546 | Elf:1    | Received a gift from Trog
 20699 | Elf:1    | Found Duah's Armour Emporium.
 20810 | Elf:1    | Reached XP level 15. HP: 165/165 MP: 17/17
 20997 | Elf:1    | Noticed Donald
 20997 | Elf:1    | Noticed Jorgrun
 21277 | Orc:2    | Identified a scroll of acquirement
 21454 | Orc:2    | Killed Donald
 21514 | Elf:1    | Reached skill level 15 in Fighting
 21523 | Orc:2    | Killed Jorgrun
 21605 | Elf:1    | Paralysed by a deep elf mage for 5 turns
 21990 | Elf:1    | Bought a +1 cloak for 161 gold pieces
 22225 | Elf:1    | Received a gift from Trog
 23096 | Elf:2    | Noticed an Executioner
 23340 | Elf:2    | Found a huge runed translucent gate.
 23340 | Elf:2    | Found a huge runed translucent gate.
 23343 | Elf:2    | Found a huge runed translucent gate.
 23344 | Elf:2    | Found a huge runed translucent gate.
 23351 | Elf:2    | Found a huge runed translucent gate.
 23697 | Elf:2    | Reached XP level 16. HP: 159/179 MP: 18/18
 23903 | Elf:2    | Reached skill level 16 in Fighting
 24430 | Elf:2    | Received a gift from Trog
 24432 | Elf:2    | Noticed a deep elf blademaster
 24470 | Elf:2    | Killed a deep elf blademaster
 25075 | Elf:3    | Entered Level 3 of the Elven Halls
 25724 | Elf:3    | Noticed a deep elf blademaster
 25725 | Elf:3    | Noticed a deep elf blademaster
 25736 | Elf:3    | Noticed Mara
 25741 | Elf:3    | Killed a deep elf blademaster
 25744 | Elf:3    | Noticed a deep elf master archer
 25747 | Elf:3    | Noticed a Brimstone Fiend
 25915 | Elf:2    | Killed a deep elf blademaster
 26121 | Elf:1    | Killed a ghostly deep elf blademaster
 26405 | Elf:2    | Upgraded the game from 0.24-a0-415-g6d73c25c48 to
                  | 0.24-a0-417-g1cce26a4d2
 26412 | Elf:3    | Noticed a Brimstone Fiend
 27009 | Elf:3    | Reached skill level 15 in Unarmed Combat
 27197 | Elf:3    | Killed Mara
 27197 | Elf:3    | Reached skill level 17 in Fighting
 27306 | Elf:3    | Noticed an Executioner
 27335 | Elf:3    | Reached XP level 17. HP: 41/191 MP: 19/19
 27338 | Elf:3    | Noticed a Brimstone Fiend
 27378 | Elf:3    | Identified the amulet of Gufe Rafe {Spirit +Fly Int+2}
 27602 | Elf:3    | Cast into level 3 of the Abyss (a deep elf demonologist)
 27609 | Elf:3    | Escaped the Abyss
 27614 | Elf:3    | Noticed a Brimstone Fiend
 27622 | Elf:3    | HP: 1/191 [Brimstone Fiend[a deep elf demonologist] (15)]
 27622 | Elf:3    | Killed from afar by a soul eater

Levels and vault maps discovered:
D:1:      lightli_arrival_flooded_house, layout_basic
D:2:      kennysheep_six_static_rooms, layout_basic, dancing_weapons_uskayaw,
          overflow_temple_1_default, nicolae_overflow_hidden_temple
D:3:      layout_basic, kennysheep_slug_shrine, lemuel_crystal_altar,
          gup_sewer_entry_bowl, minivault_23, okawaru_gym_becter
D:4:      layout_basic, overflow_temple_1_default, bloody_trog, first_ration,
          uniq_grinder, uniq_robin, uniq_pikel, uniq_ijyb, uniq_natasha
D:5:      layout_rooms, grunt_temple_overflow_forces_of_nature,
          minmay_temple_entry_statues_pillars, minmay_manual_monolith,
          uniq_sigmund, uniq_prince_ribbit1
D:6:      layout_basic, nicolae_ru_awakened_eye, serial_shops, shop
D:7:      layout_cave_pods, kennysheep_mini_moat
D:8:      layout_gridville, special_room [special_room_orc]
D:9:      layout_cave_pools, grunt_temple_overflow_order_and_chaos_1,
          dpeg_lair_monsters, orc_0_dummy, serial_shops, nicolae_shop_trees
D:10:     layout_roguey, basic_altar, special_room [special_room_orc]
D:11:     layout_irregular_city
Lair:1:   layout_cave_pods
Lair:2:   layout_regular_city, gauntlet_entry_generic
Lair:3:   layout_chaotic_city, swamp_mist_pool, grunt_megastairs_2
Lair:4:   layout_concentric_octagons, nicolae_spider_entry_non_spiders
Lair:5:   layout_hall_layers, lemuel_fruit_fields, grunt_megastairs_1
Lair:6:   minmay_lair_end_enchanted_forest, layout_regular_city,
          minmay_slime_entry_pillars, minmay_another_anthill, uniq_rupert
Swamp:1:  layout_basic_swamp, nicolae_swamp_feature_on_the_river_bank
Spider:1: layout_spider_delve, uniq_azrael, uniq_aizul
Slime:1:  cheibrodos_slime_lost_civilization_10, layout_caves
Orc:1:    layout_caves, serial_shops, nicolae_shop_behind_doors
Orc:2:    st_orc_open, layout_caves, serial_shops, shop
Elf:1:    layout_loops_cross, serial_shops, nicolae_shop_crystal,
          hangedman_elven_crosses_minicolossus, uniq_donald, uniq_jorgrun
Elf:2:    layout_gridlike
Elf:3:    elf_hall, layout_onion_city, uniq_louise, uniq_nikola, uniq_mara

Skill      XL: |  1  2  3  4  5  6  7  8  9 10 11 12 13 14 15 16 17 |
---------------+----------------------------------------------------+-----
Dodging        | 3 4 5 6 7 8 9 10 11 12 13 | 13.0
Unarmed Combat | 4 5 6 7 8 9 10 11 12 13 14 15 | 15.2
Fighting       | 3 4 5 6 8 10 11 12 13 14 15 17 | 17.1
Evocations     | 2 4 5 |  5.0
Armour         | 2 4 5 |  5.0
Stealth        | |  0.9

Action                   |  1- 3 |  4- 6 |  7- 9 | 10-12 | 13-15 | 16-18 || total
-------------------------+-------+-------+-------+-------+-------+-------++-------
Melee: Unarmed           |   124 |   104 |   324 |   732 |  1213 |   423 ||  2920
       Punch             |       |       |    15 |    47 |    52 |    26 ||   140
Throw: Large rock        |       |       |       |       |       |     7 ||     7
Invok: Berserk           |     1 |     1 |     1 |     9 |    18 |     7 ||    37
       Trog's Hand       |       |     1 |     2 |    10 |    33 |    19 ||    65
       Brothers in Arms  |       |       |       |     3 |       |     2 ||     5
Evoke: Wand              |       |       |       |    13 |     3 |     4 ||    20
       Sack of spiders   |       |       |       |     2 |       |     1 ||     3
  Use: Scroll            |       |    10 |     2 |    10 |    12 |     3 ||    37
       Potion            |       |       |       |     1 |     4 |     8 ||    13
 Stab: Sleeping          |     1 |       |     2 |     3 |       |       ||     6
       Distracted        |       |       |     2 |       |       |       ||     2
  Eat: Chunk             |    19 |    12 |    30 |    96 |   113 |    39 ||   309
       Ration            |       |       |       |       |       |     4 ||     4
Armor: Animal skin       |    64 |    18 |    16 |    29 |       |       ||   127
       Skin              |       |     3 |       |       |       |       ||     3
       Robe              |       |       |    43 |    46 |       |       ||    89
       Gold dragon scale |       |       |       |   145 |   863 |   329 ||  1337
Dodge: Dodged            |   105 |    53 |   189 |   532 |   659 |   229 ||  1767

Table legend:
 A = Non-vault XP
 B = Vault XP
 C = Vault XP percentage of total XP
 D = Non-vault monster count
 E = Vault monster count
 F = Vault count percentage of total count
                 A         B        C        D         E       F
            +---------+---------+-------+---------+---------+-------
      Total |  103172 |  119423 |  53.7 |     519 |     278 |  34.9
            +---------+---------+-------+---------+---------+-------
        D:1 |      56 |       0 |   0.0 |      29 |       0 |   0.0
        D:2 |      20 |      22 |  52.4 |      11 |       6 |  35.3
        D:3 |     224 |      10 |   4.3 |      18 |       4 |  18.2
        D:4 |     464 |     670 |  59.1 |      23 |      14 |  37.8
        D:5 |     426 |     727 |  63.1 |      20 |       5 |  20.0
        D:6 |     902 |       0 |   0.0 |      23 |       0 |   0.0
        D:7 |    1130 |       0 |   0.0 |      22 |       0 |   0.0
        D:8 |    2139 |    2124 |  49.8 |      30 |      26 |  46.4
        D:9 |     698 |    1002 |  58.9 |      13 |       3 |  18.8
       D:10 |    2414 |     505 |  17.3 |      29 |      24 |  45.3
       D:11 |    1391 |       0 |   0.0 |      22 |       0 |   0.0
     Lair:1 |    5712 |       0 |   0.0 |      20 |       0 |   0.0
     Lair:2 |    4368 |       0 |   0.0 |      18 |       0 |   0.0
     Lair:3 |    4332 |     385 |   8.2 |      20 |       1 |   4.8
     Lair:4 |    4398 |      55 |   1.2 |      14 |       8 |  36.4
     Lair:5 |    6232 |     137 |   2.2 |      22 |       1 |   4.3
     Lair:6 |   19294 |   17183 |  47.1 |      53 |      78 |  59.5
      Orc:1 |    3365 |    4675 |  58.1 |      27 |      15 |  35.7
      Orc:2 |   11439 |   19565 |  63.1 |      43 |      30 |  41.1
      Elf:1 |    9736 |    9985 |  50.6 |      17 |      11 |  39.3
      Elf:2 |   21836 |   33321 |  60.4 |      41 |      35 |  46.1
      Elf:3 |    2596 |   29057 |  91.8 |       4 |      17 |  81.0
            +---------+---------+-------+---------+---------+-------
